 Dungeon Crawl Stone Soup version 0.20.1-1-g8b1a95d (webtiles) character file.

755 equalderp2856 the Chopper (level 7, -10/54 HPs)
             Began as a Mummy Fighter on Oct 27, 2017.
             Mangled by an ogre
             ... wielding a cursed -1 giant club
              (14 damage)
             ... on level 5 of the Dungeon.
             The game lasted 00:10:02 (6131 turns).

equalderp2856 the Chopper (Mummy Fighter)           Turns: 6131, Time: 00:10:02

Health: -10/54     AC: 10    Str: 19    XL:     7   Next: 49%
Magic:  9/9        EV:  7    Int: 10    God:
Gold:   257        SH:  9    Dex: 11    Spells: 9/9 levels left

rFire    x . .     SeeInvis .   a - +0 war axe
rCold    + . .     Gourm    .   c - +0 shield
rNeg     + + +     Faith    .   b - +0 scale mail
rPois    ∞         Spirit   .   k - +0 helmet
rElec    .         Reflect  .   (no cloak)
rCorr    .         Harm     .   (no gloves)
MR       .....                  g - +1 pair of boots
Stlth    ..........             (no amulet)
Regen    0.2/turn               (no ring)
MPRegen  0.2/turn               (no ring)

@: no status effects
A: no food or potions, fire vulnerability, cold resistance 1, negative energy
resistance 3, torment resistance, unbreathing
a: no special abilities


You were on level 5 of the Dungeon.
You were not hungry.

You visited 1 branch of the dungeon, and saw 5 of its levels.

You collected 257 gold pieces.

Inventory:

Hand Weapons
 a - a +0 war axe (weapon)
 m - a +0 trident
Armour
 b - a +0 scale mail (worn)
 c - a +0 shield (worn)
 g - a +1 pair of boots (worn)
 k - a +0 helmet (worn)
 n - a +0 chain mail
Jewellery
 e - an uncursed ring of magical power {unknown}
 i - an uncursed amulet of harm
 j - an uncursed amulet of inaccuracy
Scrolls
 d - 2 scrolls of teleportation
 f - a scroll of identify
 h - a scroll of noise {unknown}
 l - 3 scrolls of remove curse


   Skills:
 + Level 4.3 Fighting
 * Level 4.6 Axes
 + Level 4.0 Armour
 + Level 1.2 Dodging
 + Level 0.3 Stealth
 + Level 3.4 Shields
 * Level 1.7 Spellcasting


You had 9 spell levels left.
You didn't know any spells.

Dungeon Overview and Level Annotations

Branches:
Dungeon (5/15)
 Temple: D:4-7

Altars:
Dithmenos

Shops:
D:4 [

Annotations:
D:3 2 transporters


Innate Abilities, Weirdness & Mutations

You do not eat or drink.
Your flesh is vulnerable to fire.
You are immune to poison.
Your flesh is cold resistant. (rC+)
You are immune to negative energy. (rN+++)
You are immune to unholy pain and torment.
You can survive without breathing.


Message History

You kill the orc!
You hit the ogre but do no damage. The ogre barely misses you.
You slash the ogre!
The ogre is moderately wounded.
The ogre hits you with a giant club!
You completely miss the ogre.
The ogre is moderately wounded.
The ogre hits you with a giant club!
You slash the ogre!
The ogre is severely wounded.
You block the ogre's attack.
You barely miss the ogre.
The ogre is severely wounded.
The ogre barely misses you.
Your scale mail prevents you from hitting the ogre.
The ogre is severely wounded.
The ogre hits you with a giant club!!
* * * LOW HITPOINT WARNING * * *
The ogre hits you with a giant club!
You die...

############
############..........#
#.....)..O@..########.#
#.############ ##.##
#.# ##...# #.# #....#
#.## ######### #....##
#o.# #.......####.....#
##.# #.......#........#
#.# #.......#.##.##..#
####.#####.......#
#.....#


You could see an ogre.

Vanquished Creatures
  A hippogriff (D:3)
  A scorpion (D:4)
  2 howler monkeys (D:4)
  An orc priest (D:4)
  4 orc wizards
  An iguana (D:4)
  Terence (D:3)
  A worker ant (D:3)
  11 adders
  A shadow imp (D:3)
  3 worms
  2 adder skeletons
  4 dart slugs
  2 leopard geckos
  5 orcs
  A ball python (D:3)
  12 bats
  8 giant cockroaches
  8 goblins
  4 hobgoblins
  15 jackals
  6 kobolds
  A quokka (D:4)
  10 frilled lizards
  A quokka skeleton (D:4)
  11 rats
117 creatures vanquished.

Notes
Turn   | Place    | Note
-------+----------+-------------------------------------------
     0 | D:1      | equalderp2856 the Mummy Fighter began the quest for the Orb.
     0 | D:1      | Reached XP level 1. HP: 18/18 MP: 1/1
     6 | D:1      | Noticed a crocodile
     6 | D:1      | Noticed a black mamba
     6 | D:1      | Noticed a polar bear
     7 | D:1      | Noticed a swamp worm
     7 | D:1      | Noticed a swamp drake
   150 | D:1      | Reached XP level 2. HP: 23/24 MP: 2/2
  1072 | D:2      | Reached XP level 3. HP: 24/29 MP: 3/3
  1692 | D:2      | Reached XP level 4. HP: 35/35 MP: 4/4
  2506 | D:3      | Found a shadowy altar of Dithmenos.
  2603 | D:3      | Noticed Terence
  2611 | D:3      | Killed Terence
  2611 | D:3      | Reached XP level 5. HP: 41/42 MP: 5/5
  2789 | D:3      | Found a transporter.
  2875 | D:3      | Found a transporter.
  2887 | D:3      | Found a glowing drain.
  3454 | D:4      | Reached skill level 1 in Dodging
  3645 | D:4      | Reached XP level 6. HP: 22/48 MP: 6/6
  3855 | D:4      | Noticed a hippogriff
  3887 | D:3      | HP: 2/48 [worker ant (3)]
  4204 | D:3      | Killed a hippogriff
  4204 | D:3      | Reached skill level 1 in Spellcasting
  4204 | D:3      | Reached XP level 7. HP: 9/54 MP: 6/8
  4569 | D:4      | Found Gockela's Antique Armour Boutique.
  5611 | D:5      | Entered Level 5 of the Dungeon
  6131 | D:5      | Mangled by an ogre

Skill      XL: |  1  2  3  4  5  6  7 |
---------------+----------------------+-----
Axes           | 2 3 4 |  4.6
Shields        | 3 |  3.4
Armour         | 3 4 |  4.0
Fighting       | 4 |  4.3
Dodging        | 1 |  1.2
Spellcasting   | 1 |  1.7
Stealth        | |  0.3

Action                   |  1- 3 |  4- 6 |  7- 9 || total
-------------------------+-------+-------+-------++-------
Melee: War axe           |   161 |   285 |   121 ||   567
  Use: Scroll            |     3 |     3 |       ||     6
Armor: Scale mail        |   139 |   184 |    78 ||   401
Dodge: Dodged            |    71 |   112 |    33 ||   216
Block: Shield            |    99 |   169 |    44 ||   312
